 Dungeon Crawl Stone Soup version 0.27-a0-1232-gc6a4cbde82 (webtiles) character file.

Game seed: 3900005850345317628

23 robertstho the Magician (level 3, -9/25 HPs)
             Began as a Djinni Fire Elementalist on June 8, 2021.
             Mangled by Sigmund
             ... wielding a +0 scythe
              (12 damage)
             ... on level 2 of the Dungeon.
             The game lasted 00:01:27 (1980 turns).

robertstho the Magician (Djinni Fire Elementalist)  Turns: 1980, Time: 00:01:28

Health: -9/25      AC:  2    Str:  7    XL:     3   Next: 10%
Gold:   96         EV: 12    Int: 17    God:
                   SH:  0    Dex: 13

rFire    + + .     SeeInvis .   d - +0 dagger
rCold    x . .     Faith    .   (no shield)
rNeg     . . .     Spirit   .   a - +0 robe
rPois    ∞         Reflect  .   (no helmet)
rElec    .         Harm     .   (no cloak)
rCorr    .         Rampage  .   (no gloves)
Will     .....                  (boots unavailable)
Stlth    ++........             (no amulet)
HPRegen  0.08/turn              (no ring)
MPRegen  0.00/turn              (no ring)

@: flying
A: sickness immunity, fire resistance 2, cold vulnerability 1, float, innate
caster, hp casting, extra vitality 1
a: no special abilities


You were on level 2 of the Dungeon.
You visited 1 branch of the dungeon, and saw 2 of its levels.

You collected 96 gold pieces.

Inventory:

Hand Weapons
 d - a +0 dagger (weapon)
Armour
 a - a +0 robe (worn)
Scrolls
 c - 2 scrolls of identify {unknown}
 f - a scroll of noise {unknown}
Potions
 b - 2 potions of curing {unknown}
 e - a potion of attraction {unknown}


   Skills:
 + Level 2.2 Dodging
 + Level 1.9 Stealth
 * Level 3.0 Spellcasting


You couldn't memorise any spells.
You knew the following spells:

 Your Spells              Type           Power      Damage    Failure   Level
a - Foxfire               Conj/Fire      52%        2x1d6     4%          1
b - Conjure Flame         Conj/Fire      13%        6-21      16%         3
c - Inner Flame           Hex/Fire       13%        N/A       16%         3
d - Sticky Flame          Conj/Fire      13%        2d4       45%         4
e - Fireball              Conj/Fire      6%         3d5       80%         5
f - Pain                  Necr           52%        1d6       4%          1
Your spell library was empty.

Dungeon Overview and Level Annotations

Branches:
Dungeon (2/15)

Altars:

Shops:
D:1 [*([:

Annotations:
D:2 Sigmund


Innate Abilities, Weirdness & Mutations

You are immune to sickness and miasma.
You are immune to poison.
Your flesh is very heat resistant. (rF++)
You are vulnerable to cold. (rC-)
You float through the air rather than walking.
You learn spells naturally, not from books.
Your magical power is your life essence.
You have superior vitality. (+4 HP)


Message History

Press: ? - help, Q - select action, (/) - cycle Dir - look around, f - activate You conjure some foxfire!
The foxfire hits something. x2
Unknown command.
Casting: Foxfire (safe; 4% risk of failure)
Press: ? - help, Q - select action, (/) - cycle Dir - look around, f - activate You conjure some foxfire!
The foxfire hits something but does no damage.
The foxfire hits something.
Unknown command.
Casting: Foxfire (safe; 4% risk of failure)
Press: ? - help, Q - select action, (/) - cycle Dir - look around, f - activate You conjure some foxfire!
The foxfire hits something.
Unknown command.
Casting: Foxfire (safe; 4% risk of failure)
Press: ? - help, Q - select action, (/) - cycle Dir - look around, f - activate You conjure some foxfire!
The foxfire hits something. x3
Unknown command.
Casting: Foxfire (safe; 4% risk of failure)
Press: ? - help, Q - select action, (/) - cycle Dir - look around, f - activate You conjure some foxfire!
The foxfire hits something.
You hear some strange, mumbled words.
Something tries to affect you, but you resist.
Casting: Foxfire (safe; 4% risk of failure)
Press: ? - help, Q - select action, (/) - cycle Dir - look around, f - activate You conjure some foxfire!
The foxfire hits something.
The foxfire hits something but does no damage.
The foxfire hits something.
Something hits you!
* * * LOW HITPOINT WARNING * * *
Casting: Foxfire (safe; 4% risk of failure)
Press: ? - help, Q - select action, (/) - cycle Dir - look around, f - activate You conjure some foxfire!
* * * LOW HITPOINT WARNING * * *
The foxfire hits something but does no damage.
The foxfire hits something.
Something hits you!
You die...

######## #....v.# #....#§#
######## #.##.#§# #.§....#
#########
...####.#.###.v§...#
#.......#
>..........B{.@v...#
#.......#
...######.###)######
#.......## #B{.....###..#
#.......#.
#.#####....#.#######)......#.
+....+.................
#....##.####.#.......#.
###......# #.##########
#.####.# #.#....##### #.# .#
#.#.........


You could see a giant cockroach.

Vanquished Creatures
  A ball python (D:2)
  2 endoplasms
  A giant cockroach (D:1)
  3 goblins (D:2)
  2 hobgoblins
  A quokka (D:1)
  4 bats
  A frilled lizard (D:2)
  5 kobolds
  A rat (D:2)
21 creatures vanquished.

Vanquished Creatures (others)
  104 foxfires
104 creatures vanquished.

Grand Total: 125 creatures vanquished

Notes
Turn   | Place    | Note
-------+----------+-------------------------------------------
     0 | D:1      | robertstho the Djinni Fire Elementalist began the quest for
                  | the Orb.
     0 | D:1      | Reached XP level 1. HP: 15/15 MP: 0/0
   470 | D:1      | Found Keitwe Dupt's Weapon Boutique.
   522 | D:1      | Found Oskipe Winu's Assorted Antiques.
   609 | D:1      | Reached XP level 2. HP: 18/21 MP: 0/0
   792 | D:1      | Found Tiakae's Antique Armour Boutique.
  1157 | D:1      | Found Puosul's Book Emporium.
  1236 | D:1      | Found Wacvoibo's Antique Armour Boutique.
  1488 | D:2      | Reached skill level 3 in Spellcasting
  1679 | D:2      | Found a faded altar of an unknown god.
  1804 | D:2      | Reached XP level 3. HP: 24/25 MP: 0/0
  1804 | D:2      | Learned a level 1 spell: Pain
  1964 | D:2      | Noticed Sigmund
  1980 | D:2      | Mangled by Sigmund

Illustrated notes

Levels and vault maps discovered:
D:1:      sevenhm_arrival_forest_fort_large_4, layout_basic, serial_shops,
          nicolae_shop_trees, shop, shop, nicolae_shop_overgrown_old_shop,
          nicolae_shop_temple_entry_statues_fountains
D:2:      layout_basic, ebering_ecumenical_altar_ruins, patterned_corridor,
          uniq_sigmund

Skill      XL: |  1  2 |
---------------+-------+-----
Spellcasting   | 3 |  3.0
Dodging        | |  2.2
Stealth        | |  1.9

Action                   || total
-------------------------++-------
 Cast: Foxfire           ||    66
Armor: Robe              ||     1
Dodge: Dodged            ||     7

Table legend: (Time is in decaauts)
 A = Elapsed time spent in this place.
 B = Non-inter-level travel time spent in this place.
 C = Inter-level travel time spent in this place.
 D = Time resting spent in this place.
 E = Time spent auto-exploring this place.
 F = Levels seen in this place.
 G = Mean time per level.
                   A        B        C        D        E       F      G
               +--------+--------+--------+--------+--------+-----+--------+
         Total |   1979 |   1967 |     12 |      0 |   1813 |   2 |  989.5 |
       Dungeon |   1979 |   1967 |     12 |      0 |   1813 |   2 |  989.5 |
               +--------+--------+--------+--------+--------+-----+--------+

Top non-repeatable levels by time:
     D:1: 1424 daAuts
     D:2: 554 daAuts
